 Dungeon Crawl Stone Soup version 0.25.0-1-g7eea58d2a3 (webtiles) character file.

Game seed: 17820504634707094911

3768 MDvedh the Cruncher (level 10, -9/53 HPs)
             Began as a Gargoyle Gladiator on June 13, 2020.
             Was a Believer of Wu Jian.
             Hit by a boomerang thrown by an orc warrior (11 damage)
             ... on level 8 of the Dungeon.
             The game lasted 00:12:41 (8539 turns).

MDvedh the Cruncher (Gargoyle Gladiator)            Turns: 8539, Time: 00:12:42

Health: -9/53      AC: 16    Str: 20    XL:     10   Next: 16%
Magic:  10/10      EV:  8    Int:  9    God:    Wu Jian [**....]
Gold:   488        SH:  0    Dex: 12    Spells: 9/9 levels left

rFire    . . .     SeeInvis .   a - +0 quarterstaff
rCold    . . .     Gourm    .   (shield currently unavailable)
rNeg     + . .     Faith    .   s - +0 chain mail {MR+}
rPois    ∞         Spirit   .   c - +0 helmet
rElec    +         Reflect  .   (no cloak)
rCorr    +         Harm     .   (no gloves)
MR       +++..                  (no boots)
Stlth    ..........             i - amulet of the acrobat
HPRegen  0.17/turn              q - ring of protection from magic
MPRegen  0.12/turn              F - ring of resist corrosion

@: studying Axes
A: magic resistance 1, negative energy resistance 1, electricity resistance,
wild magic 1, unbreathing, petrification resistance, rot immunity, AC +7
a: Wall Jump, Renounce Religion


You were on level 8 of the Dungeon.
You worshipped Wu Jian.
Wu Jian was pleased with you.
You were not hungry.

You visited 2 branches of the dungeon, and saw 9 of its levels.

You collected 488 gold pieces.

Inventory:

Hand Weapons
 a - a +0 quarterstaff (weapon)
Missiles
 d - a throwing net (quivered)
Armour
 c - a +0 helmet (worn)
 s - a +0 chain mail of magic resistance (worn)
Jewellery
 i - an amulet of the acrobat (around neck)
 p - an uncursed ring of flight
 q - a ring of protection from magic (left hand)
 C - an uncursed amulet of magic regeneration {unknown}
 F - a ring of resist corrosion (right hand)
Wands
 D - a wand of iceblast (5)
 E - a wand of enslavement (11)
 H - a wand of acid (7)
Scrolls
 e - a scroll of fear {unknown}
 g - 4 scrolls of enchant armour {unknown}
 h - 3 scrolls of enchant weapon {unknown}
 l - a scroll of vulnerability {unknown}
 m - 3 scrolls of remove curse
 o - 4 scrolls of teleportation {unknown}
 v - 2 scrolls of blinking {unknown}
 w - 2 scrolls of amnesia {unknown}
 x - 5 scrolls of identify
 y - a scroll of random uselessness {unknown}
Potions
 j - 4 potions of curing
 k - a potion of might {unknown}
 n - 2 potions of heal wounds {unknown}
 r - 3 potions of brilliance
 t - a potion of flight {unknown}
 u - 2 potions of stabbing
 z - a potion of degeneration {unknown}
 A - a potion of lignification {unknown}
 G - a potion of resistance {unknown}
Books
 B - a manual of Axes
Comestibles
 f - 13 rations


   Skills:
 + Level 2.2 Fighting
 - Level 14.0 Staves
 - Level 1.7 Throwing
 + Level 0.1 Armour
 + Level 2.4 Dodging


You had 9 spell levels left.
You didn't know any spells.
Your spell library was empty.

Dungeon Overview and Level Annotations

Branches:
Dungeon (8/15)             Temple (1/1) D:6
   Lair: D:8-11

Altars:
Ashenzari
Cheibriados
Dithmenos
Elyvilon
Fedhas
Hepliaklqana
Kikubaaqudgha
Makhleb
Okawaru
Qazlal
Ru
Sif Muna
Trog
Uskayaw
Vehumet
Wu Jian
Xom
Yredelemnul
Zin
The Shining One
Jiyva

Shops:
D:4 (   D:5 %   D:7 (

Annotations:
D:3 2 transporters, Quirk's ghost, weakling DsGl
D:8 3 runed translucent doors, Raspi's ghost, novice MiBe


Innate Abilities, Weirdness & Mutations

You are resistant to torment.
Your stone body is resilient. (AC +7)
You are immune to poison.
You resist negative energy. (rN+)
You are resistant to electric shocks. (rElec)
You can survive without breathing.
You are immune to petrification.
You are immune to rotting.
You are resistant to hostile enchantments. (MR+)
Your spells are a little harder to cast, but a little more powerful.


Message History

An orc and an orc priest come into view.
The orc shouts!
The jelly quivers.
You hear an angry buzzing noise.
An orc warrior comes into view. It is wielding a +0 war axe.
The orc moves out of view.
The orc warrior shouts!
You hear a shout!
The orc priest calls down the wrath of Beogh upon you.
Beogh smites you!
* * * LOW HITPOINT WARNING * * *
The orc warrior throws a boomerang.
The boomerang completely misses you.
The weapon returns to the orc warrior!
The water moccasin skeleton completely misses you.
It was a potion of mutation.
You feel extremely strange.
You feel resistant to hostile enchantments.
You feel less in control of your magic.
A killer bee comes into view.
The water moccasin skeleton bites you but does no damage.
The orc warrior throws a boomerang.
The boomerang hits you!
You die...

########## #........#
#####'######.# #.........##.#
#.........##.# #.........##.#
#..JZ.....##.#
#........o##Z####...
##.......o.J@....... ##
...'..................'... ..##
...............####...#..###.#.
.....####o#########.#≈≈≈≈≈≈≈≈≈.
.#.....y.............≈#≈≈ ≈≈#≈.
#.........).........≈#≈###≈#≈.
##.........)........≈#≈≈≈≈≈#≈.
#...####'##########≈≈≈≈≈≈≈≈≈.
#...#.............)......#...


You could see an orc warrior, a jelly, a killer bee (wandering), an orc priest,
an orc and a water moccasin skeleton.

Vanquished Creatures
  Joseph (D:8)
  Sigmund (D:5)
  Menkaure (D:7)
  An orc warrior (D:7)
  A black bear (D:8)
  4 ogres
  2 phantoms
  A centaur (D:6)
  Blork the orc (D:4)
  A big kobold (D:5)
  2 bullfrogs (D:6)
  13 killer bees
  3 scorpions
  8 wights (D:8)
  An electric eel (D:8)
  A howler monkey (D:7)
  A centaur zombie (D:6)
  A quasit (D:8)
  2 hounds
  4 orc priests
  2 jellies
  6 orc wizards
  2 iguanas
  Jessica (D:3)
  7 worker ants
  2 hound zombies
  A howler monkey zombie (D:8)
  9 gnolls
  12 adders
  A shadow imp (D:5)
  5 oozes
  3 adder skeletons
  4 worms
  2 dart slugs (D:2)
  4 leopard geckos
  25 orcs
  5 giant cockroaches
  8 goblins
  6 hobgoblins
  3 jackals (D:2)
  5 quokkas
  2 ball pythons (D:4)
  9 bats
  13 frilled lizards
  20 kobolds
  A leopard gecko skeleton (D:8)
  A quokka skeleton (D:4)
  12 rats
221 creatures vanquished.

Vanquished Creatures (others)
  A bullfrog skeleton (D:4)
  A frilled lizard (D:4)
2 creatures vanquished.

Grand Total: 223 creatures vanquished

Notes
Turn   | Place    | Note
-------+----------+-------------------------------------------
     0 | D:1      | MDvedh the Gargoyle Gladiator began the quest for the Orb.
     0 | D:1      | Reached XP level 1. HP: 12/12 MP: 1/1
    73 | D:1      | Reached XP level 2. HP: 14/17 MP: 2/2
   484 | D:1      | Reached skill level 4 in Staves
   649 | D:1      | Reached XP level 3. HP: 21/21 MP: 3/3
   886 | D:2      | Reached XP level 4. HP: 21/26 MP: 4/4
   936 | D:2      | Reached skill level 5 in Staves
  1463 | D:2      | Reached XP level 5. HP: 29/30 MP: 5/5
  1464 | D:2      | Found a snail-covered altar of Cheibriados.
  1933 | D:3      | Reached skill level 6 in Staves
  2022 | D:3      | Found a transporter.
  2027 | D:3      | Noticed Quirk's ghost (weakling DsGl)
  2042 | D:3      | Noticed Jessica
  2047 | D:3      | Killed Jessica
  2047 | D:3      | Reached XP level 6. HP: 31/35 MP: 6/6
  2397 | D:3      | Found a transporter.
  2512 | D:4      | Noticed a phantom
  2542 | D:4      | Killed a phantom
  2542 | D:4      | Reached skill level 7 in Staves
  2552 | D:4      | Found a shimmering altar of Xom.
  2565 | D:4      | Found Poorurch's Weapon Shop.
  2574 | D:4      | Noticed Blork the orc
  2601 | D:4      | Killed Blork the orc
  2601 | D:4      | Reached XP level 7. HP: 22/40 MP: 7/7
  2615 | D:4      | Reached skill level 8 in Staves
  3289 | D:5      | Entered Level 5 of the Dungeon
  3313 | D:5      | Found Fon Riecema's Food Shop.
  3590 | D:5      | Reached skill level 9 in Staves
  3928 | D:5      | Noticed Sigmund
  3961 | D:5      | Killed Sigmund
  3961 | D:5      | Reached XP level 8. HP: 10/44 MP: 8/8
  4560 | D:6      | Found a staircase to the Ecumenical Temple.
  4569 | Temple   | Entered the Ecumenical Temple
  4660 | Temple   | Became a worshipper of the Wu Jian Council
  4967 | D:6      | Reached skill level 10 in Staves
  5424 | D:6      | Reached skill level 11 in Staves
  5721 | D:6      | Found a sacrificial altar of Ru.
  5931 | D:7      | Reached XP level 9. HP: 48/48 MP: 9/9
  6048 | D:7      | Noticed Menkaure
  6053 | D:7      | Killed Menkaure
  6462 | D:7      | Reached skill level 12 in Staves
  6563 | D:7      | Reached * piety under Wu Jian
  6577 | D:7      | HP: 2/72 [killer bee (3)]
  7501 | D:7      | Found Sehomoc's Weapon Boutique.
  7588 | D:8      | Found a runed translucent gate.
  7588 | D:8      | Found a runed translucent gate.
  7588 | D:8      | Found a runed translucent gate.
  7589 | D:8      | Noticed Raspi's ghost (novice MiBe)
  7653 | D:8      | Noticed Joseph
  7686 | D:8      | Killed Joseph
  7686 | D:8      | Reached skill level 13 in Staves
  7908 | D:8      | Found a viscous altar of Jiyva.
  8278 | D:8      | Reached XP level 10. HP: 45/53 MP: 10/10
  8470 | D:8      | Reached ** piety under Wu Jian
  8533 | D:8      | Reached skill level 14 in Staves
  8538 | D:8      | HP: 2/53 [orc priest/divine providence (11)]
  8539 | D:8      | Gained mutation: You are resistant to hostile enchantments.
                  | (MR+) [potion of mutation]
  8539 | D:8      | Gained mutation: Your spells are a little harder to cast,
                  | but a little more powerful. [potion of mutation]
  8539 | D:8      | Hit by a boomerang thrown by an orc warrior

Illustrated notes

Levels and vault maps discovered:
D:1:      minmay_arrival_stair_chambers, layout_rooms
D:2:      layout_loops_cross, kennysheep_slug_shrine, corner_web_ring
D:3:      layout_rooms, first_ration, gammafunk_ghost_stat_death,
          minmay_lizard_king, uniq_jessica
D:4:      layout_layer_cave, xom_confusion_cloud, serial_shops, shop,
          uniq_blork_the_orc
D:5:      layout_basic, serial_shops, nicolae_shop_stone, uniq_sigmund
D:6:      layout_basic, nicolae_ru_sacrificial_ziggurat,
          minmay_temple_entry_purple_smoke, minmay_manual_moon
D:7:      layout_gridville, serial_shops, kennysheep_little_box, uniq_menkaure
D:8:      layout_basic, gammafunk_ghost_ooze, minmay_crystal_water,
          david_nohive_1, uniq_joseph
Temple:   minmay_temple_bridge_d

Skill      XL: |  1  2  3  4  5  6  7  8  9 10 |
---------------+-------------------------------+-----
Staves         | 4 5 6 7 9 11 13 14 | 14.0
Fighting       | |  2.2
Throwing       | |  1.7
Armour         | |  0.1
Dodging        | |  2.4

Action                   |  1- 3 |  4- 6 |  7- 9 | 10-12 || total
-------------------------+-------+-------+-------+-------++-------
Melee: Quarterstaff      |   123 |   212 |   560 |    85 ||   980
Throw: Throwing net      |       |       |     3 |       ||     3
Invok: Lunge             |       |       |    21 |     2 ||    23
       Whirlwind         |       |       |    12 |     3 ||    15
  Use: Scroll            |       |     1 |     5 |       ||     6
       Potion            |       |     1 |     2 |     1 ||     4
 Stab: Confused          |       |       |     1 |       ||     1
  Eat: Chunk             |       |     6 |    11 |     1 ||    18
       Ration            |       |       |     2 |       ||     2
Armor: Leather armour    |    24 |       |       |       ||    24
       Ring mail         |    44 |    44 |       |       ||    88
       Chain mail        |       |    88 |   260 |    49 ||   397
Dodge: Dodged            |   112 |   134 |   214 |    34 ||   494
